 Dungeon Crawl Stone Soup version 0.29.0-4-gdea44cf6ec (webtiles) character file.

Game seed: 11998526789641636153

62 qw the Sneak (level 4, -1/36 HPs)
             Began as a Ghoul Enchanter on Sept 6, 2022.
             Slain by Grinder (5 damage)
             ... on level 3 of the Dungeon.
             The game lasted 00:01:31 (2863 turns).

qw the Sneak (Ghoul Enchanter)                      Turns: 2863, Time: 00:01:32

Health: -1/36      AC:  5    Str: 13      XL:     4   Next: 8%
Magic:  5/5        EV: 10    Int:  9 (10) God:
Gold:   139        SH:  0    Dex:  9      Spells: 6/6 levels left

rFire   . . .      SeeInvis .   g - +0 spear (vamp)
rCold   + . .      Faith    .   (no shield)
rNeg    + + +      Spirit   .   h - +0 ring mail
rPois   inf        Reflect  .   (no helmet)
rElec   .          Harm     .   (no cloak)
rCorr   .          Rampage  .   (no gloves)
Will    .....                   (no boots)
Stlth   +.........              f - amulet of the acrobat
HPRegen 0.00/turn               (no ring)
MPRegen 0.09/turn               (no ring)

@: about to teleport, inhibited regen
A: claws 1, cold resistance 1, negative energy resistance 3, inhibited
regeneration, torment resistance 2, devour on kill
a: no special abilities


You were on level 3 of the Dungeon.
You visited 1 branch of the dungeon, and saw 3 of its levels.

You collected 139 gold pieces.


Innate Abilities, Weirdness & Mutations

You are immune to poison.
You have sharp fingernails.
Your flesh is cold resistant. (rC+)
You are immune to negative energy. (rN+++)
You do not regenerate when monsters are visible.
You are immune to unholy pain and torment.
You thrive by killing the living.


   Skills:
 - Level 2.0 Fighting
 - Level 0.8 Short Blades
 + Level 2.6 Axes
 - Level 1.7 Dodging
 - Level 3.2 Stealth
 - Level 1.7 Spellcasting
 - Level 2.4 Hexes


You had 6 spell levels left.
You didn't know any spells.
Your spell library contained the following spells:

 Spells                   Type           Power      Damage    Failure   Level
 Ensorcelled Hibernation  Hex/Ice        4%         N/A       56%         2
 Confusing Touch          Hex            5%         N/A       63%         3
 Tukima's Dance           Hex            5%         N/A       63%         3
 Dazzling Flash           Conj/Hex       4%         N/A       80%         3

Inventory:

Hand Weapons
 g - a +0 vampiric spear (weapon)
Armour
 b - a +0 chain mail
 h - a +0 ring mail (worn)
Jewellery
 c - a ring of see invisible
 f - an amulet of the acrobat (around neck)
Scrolls
 a - a scroll of identify
 j - a scroll of teleportation
Potions
 e - a potion of mutation
 i - a potion of curing {unknown}

Dungeon Overview and Level Annotations

Branches:
Dungeon (3/15)

Altars:

Annotations:
D:3 Grinder


Message History

Grinder hits you but does no damage.
You can move again.
You closely miss Grinder.
Grinder is lightly wounded.
Grinder hits you.
You closely miss Grinder.
Grinder is lightly wounded.
Grinder hits you.
You hit Grinder.
Grinder is moderately wounded.
Grinder hits you.
You hit Grinder.
Grinder is moderately wounded.
Grinder hits you but does no damage.
You hit Grinder.
Grinder is moderately wounded.
Grinder gestures at you.
You suddenly lose the ability to move!
Grinder hits you. Grinder barely misses you.
Grinder hits you but does no damage. x2
You can move again.
You hit Grinder.
Grinder is heavily wounded.
Grinder gestures at you.
You shrug off the repeated paralysis!
You hit Grinder but do no damage.
Grinder is heavily wounded.
Grinder hits you!
2861 ||| READING 2 scrolls of teleportation.
As you read the scroll of teleportation, it crumbles to dust.
You feel strangely unstable. Grinder barely misses you.
You hit Grinder.
Grinder is heavily wounded.
Grinder misses you.
You closely miss Grinder.
Grinder is heavily wounded.
Grinder hits you.
You die...

#..... #.....# #.....#
#.....# #.....# #.....#
#.....##################
#...............@5......
#####.##################
#####%#...........#
.................>#
#####%#.........#.#
#.#.#####.....#
#.#.....#.#.#<#.#
#)#####.#.#...#.# #.#
#.#.#.#.#


You could see Grinder.

Vanquished Creatures
  3 adders
  2 worms
  2 dart slugs
  A bat (D:2)
  2 endoplasms (D:1)
  2 giant cockroaches
  3 hobgoblins (D:1)
  A kobold (D:2)
  2 quokkas (D:2)
  2 ball pythons (D:2)
  7 rats
27 creatures vanquished.

Notes
Turn   | Place    | Note
-------+----------+-------------------------------------------
     0 | D:1      | qw the Ghoul Enchanter began the quest for the Orb.
     0 | D:1      | Reached XP level 1. HP: 14/14 MP: 2/2
     0 | D:1      | 0 ||| qw: Version: 0.1-a-108-g9e35731
     0 | D:1      | 0 ||| qw: Game counter: 6370
     0 | D:1      | 0 ||| qw: Always use a shield: true
     0 | D:1      | 0 ||| qw: God list: Okawaru
     0 | D:1      | 0 ||| qw: Allow faded altars: false
     0 | D:1      | 0 ||| qw: Do Orc after D:15 true
     0 | D:1      | 0 ||| qw: Do second Lair branch before Depths: true
     0 | D:1      | 0 ||| qw: Lair rune preference: random
     0 | D:1      | 0 ||| qw: Plans: Normal
     0 | D:1      | 0 ||| PLANNING D:1-11
    45 | D:1      | 45 ||| SWAPPING to +0 mace.
    46 | D:1      | 46 ||| DROPPING +1 dagger.
    76 | D:1      | 76 ||| SWAPPING to +0 falchion.
   325 | D:1      | Found a faded altar of an unknown god.
   505 | D:1      | Reached skill level 1 in Axes
   746 | D:1      | Reached skill level 1 in Fighting
   746 | D:1      | Reached XP level 2. HP: 15/23 MP: 3/3
  1000 | D:1      | 1000 ||| Stepping ~*~*~tactically~*~*~ (stealth).
  1013 | D:1      | 1013 ||| Stepping ~*~*~tactically~*~*~ (stealth).
  1015 | D:1      | 1015 ||| Stepping ~*~*~tactically~*~*~ (stealth).
  1016 | D:1      | 1016 ||| Stepping ~*~*~tactically~*~*~ (stealth).
  1018 | D:1      | 1018 ||| Stepping ~*~*~tactically~*~*~ (stealth).
  1021 | D:1      | 1021 ||| Stepping ~*~*~tactically~*~*~ (stealth).
  1105 | D:1      | 1105 ||| UPGRADING to +0 ring mail.
  1115 | D:1      | 1115 ||| DROPPING +0 robe.
  1116 | D:1      | 1116 ||| UPGRADING to amulet of the acrobat.
  1121 | D:1      | 1121 ||| READING 2 scrolls labelled BOEZAF QACRYQOMA.
  1122 | D:1      | 1122 ||| READING scroll labelled FIOREO SERCHEXT.
  1125 | D:1      | 1125 ||| DROPPING 2 potions of invisibility.
  1128 | D:1      | 1128 ||| Stepping ~*~*~tactically~*~*~ (stealth).
  1295 | D:2      | 1295 ||| SWAPPING to +0 vampiric spear.
  1296 | D:2      | 1296 ||| DROPPING +0 mace.
  1297 | D:2      | 1297 ||| DROPPING +0 falchion.
  1312 | D:2      | 1312 ||| Stepping ~*~*~tactically~*~*~ (hiding).
  1530 | D:2      | Reached XP level 3. HP: 25/28 MP: 4/4
  1732 | D:2      | 1732 ||| Stepping ~*~*~tactically~*~*~ (reaching).
  1733 | D:2      | 1733 ||| Stepping ~*~*~tactically~*~*~ (reaching).
  1735 | D:2      | 1735 ||| Stepping ~*~*~tactically~*~*~ (reaching).
  1736 | D:2      | 1736 ||| Stepping ~*~*~tactically~*~*~ (reaching).
  1738 | D:2      | 1738 ||| Stepping ~*~*~tactically~*~*~ (reaching).
  1740 | D:2      | 1740 ||| Stepping ~*~*~tactically~*~*~ (reaching).
  1741 | D:2      | 1741 ||| Stepping ~*~*~tactically~*~*~ (reaching).
  1743 | D:2      | 1743 ||| Stepping ~*~*~tactically~*~*~ (reaching).
  1745 | D:2      | 1745 ||| Stepping ~*~*~tactically~*~*~ (reaching).
  1746 | D:2      | 1746 ||| Stepping ~*~*~tactically~*~*~ (reaching).
  1748 | D:2      | 1748 ||| Stepping ~*~*~tactically~*~*~ (reaching).
  1749 | D:2      | 1749 ||| Stepping ~*~*~tactically~*~*~ (reaching).
  1751 | D:2      | 1751 ||| Stepping ~*~*~tactically~*~*~ (reaching).
  1753 | D:2      | 1753 ||| Stepping ~*~*~tactically~*~*~ (reaching).
  1754 | D:2      | 1754 ||| Stepping ~*~*~tactically~*~*~ (reaching).
  1756 | D:2      | 1756 ||| Stepping ~*~*~tactically~*~*~ (reaching).
  1758 | D:2      | 1758 ||| Stepping ~*~*~tactically~*~*~ (reaching).
  1759 | D:2      | 1759 ||| Stepping ~*~*~tactically~*~*~ (reaching).
  1761 | D:2      | 1761 ||| Stepping ~*~*~tactically~*~*~ (reaching).
  1763 | D:2      | 1763 ||| Stepping ~*~*~tactically~*~*~ (reaching).
  1764 | D:2      | 1764 ||| Stepping ~*~*~tactically~*~*~ (reaching).
  1766 | D:2      | 1766 ||| Stepping ~*~*~tactically~*~*~ (reaching).
  1768 | D:2      | 1768 ||| Stepping ~*~*~tactically~*~*~ (reaching).
  1769 | D:2      | 1769 ||| Stepping ~*~*~tactically~*~*~ (reaching).
  1771 | D:2      | 1771 ||| Stepping ~*~*~tactically~*~*~ (reaching).
  1773 | D:2      | 1773 ||| Stepping ~*~*~tactically~*~*~ (reaching).
  1774 | D:2      | 1774 ||| Stepping ~*~*~tactically~*~*~ (reaching).
  1776 | D:2      | 1776 ||| Stepping ~*~*~tactically~*~*~ (reaching).
  1778 | D:2      | 1778 ||| Stepping ~*~*~tactically~*~*~ (reaching).
  1779 | D:2      | 1779 ||| Stepping ~*~*~tactically~*~*~ (reaching).
  1781 | D:2      | 1781 ||| Stepping ~*~*~tactically~*~*~ (reaching).
  1783 | D:2      | 1783 ||| Stepping ~*~*~tactically~*~*~ (reaching).
  1784 | D:2      | 1784 ||| Stepping ~*~*~tactically~*~*~ (reaching).
  1786 | D:2      | 1786 ||| Stepping ~*~*~tactically~*~*~ (reaching).
  1788 | D:2      | 1788 ||| Stepping ~*~*~tactically~*~*~ (reaching).
  1789 | D:2      | 1789 ||| Stepping ~*~*~tactically~*~*~ (reaching).
  1791 | D:2      | 1791 ||| Stepping ~*~*~tactically~*~*~ (reaching).
  1792 | D:2      | 1792 ||| Stepping ~*~*~tactically~*~*~ (reaching).
  1794 | D:2      | 1794 ||| Stepping ~*~*~tactically~*~*~ (reaching).
  1796 | D:2      | 1796 ||| Stepping ~*~*~tactically~*~*~ (reaching).
  1797 | D:2      | 1797 ||| Stepping ~*~*~tactically~*~*~ (reaching).
  1799 | D:2      | 1799 ||| Stepping ~*~*~tactically~*~*~ (reaching).
  1801 | D:2      | 1801 ||| Stepping ~*~*~tactically~*~*~ (reaching).
  1802 | D:2      | 1802 ||| Stepping ~*~*~tactically~*~*~ (reaching).
  1804 | D:2      | 1804 ||| Stepping ~*~*~tactically~*~*~ (reaching).
  1805 | D:2      | 1805 ||| Stepping ~*~*~tactically~*~*~ (reaching).
  1807 | D:2      | 1807 ||| Stepping ~*~*~tactically~*~*~ (reaching).
  1809 | D:2      | 1809 ||| Stepping ~*~*~tactically~*~*~ (reaching).
  1810 | D:2      | 1810 ||| Stepping ~*~*~tactically~*~*~ (reaching).
  1812 | D:2      | 1812 ||| Stepping ~*~*~tactically~*~*~ (reaching).
  1815 | D:2      | 1815 ||| Stepping ~*~*~tactically~*~*~ (reaching).
  1817 | D:2      | 1817 ||| Stepping ~*~*~tactically~*~*~ (reaching).
  1819 | D:2      | 1819 ||| Stepping ~*~*~tactically~*~*~ (reaching).
  1820 | D:2      | 1820 ||| Stepping ~*~*~tactically~*~*~ (reaching).
  1822 | D:2      | 1822 ||| Stepping ~*~*~tactically~*~*~ (reaching).
  1824 | D:2      | 1824 ||| Stepping ~*~*~tactically~*~*~ (reaching).
  1825 | D:2      | 1825 ||| Stepping ~*~*~tactically~*~*~ (reaching).
  1827 | D:2      | 1827 ||| Stepping ~*~*~tactically~*~*~ (reaching).
  1829 | D:2      | 1829 ||| Stepping ~*~*~tactically~*~*~ (reaching).
  1830 | D:2      | 1830 ||| Stepping ~*~*~tactically~*~*~ (reaching).
  1832 | D:2      | 1832 ||| Stepping ~*~*~tactically~*~*~ (reaching).
  1834 | D:2      | 1834 ||| Stepping ~*~*~tactically~*~*~ (reaching).
  1835 | D:2      | 1835 ||| Stepping ~*~*~tactically~*~*~ (reaching).
  1837 | D:2      | 1837 ||| Stepping ~*~*~tactically~*~*~ (reaching).
  1839 | D:2      | 1839 ||| Stepping ~*~*~tactically~*~*~ (reaching).
  1840 | D:2      | 1840 ||| Stepping ~*~*~tactically~*~*~ (reaching).
  1842 | D:2      | 1842 ||| Stepping ~*~*~tactically~*~*~ (reaching).
  1843 | D:2      | 1843 ||| Stepping ~*~*~tactically~*~*~ (reaching).
  1845 | D:2      | 1845 ||| Stepping ~*~*~tactically~*~*~ (reaching).
  1847 | D:2      | 1847 ||| Stepping ~*~*~tactically~*~*~ (reaching).
  1848 | D:2      | 1848 ||| Stepping ~*~*~tactically~*~*~ (reaching).
  1850 | D:2      | 1850 ||| Stepping ~*~*~tactically~*~*~ (reaching).
  1851 | D:2      | 1851 ||| Stepping ~*~*~tactically~*~*~ (reaching).
  1853 | D:2      | 1853 ||| Stepping ~*~*~tactically~*~*~ (reaching).
  1855 | D:2      | 1855 ||| Stepping ~*~*~tactically~*~*~ (reaching).
  1856 | D:2      | 1856 ||| Stepping ~*~*~tactically~*~*~ (reaching).
  1858 | D:2      | 1858 ||| Stepping ~*~*~tactically~*~*~ (reaching).
  1860 | D:2      | 1860 ||| Stepping ~*~*~tactically~*~*~ (reaching).
  1861 | D:2      | 1861 ||| Stepping ~*~*~tactically~*~*~ (reaching).
  1863 | D:2      | 1863 ||| Stepping ~*~*~tactically~*~*~ (reaching).
  1864 | D:2      | 1864 ||| Stepping ~*~*~tactically~*~*~ (reaching).
  1866 | D:2      | 1866 ||| Stepping ~*~*~tactically~*~*~ (reaching).
  1868 | D:2      | 1868 ||| Stepping ~*~*~tactically~*~*~ (reaching).
  1869 | D:2      | 1869 ||| Stepping ~*~*~tactically~*~*~ (reaching).
  1871 | D:2      | 1871 ||| Stepping ~*~*~tactically~*~*~ (reaching).
  1873 | D:2      | 1873 ||| Stepping ~*~*~tactically~*~*~ (reaching).
  1874 | D:2      | 1874 ||| Stepping ~*~*~tactically~*~*~ (reaching).
  1876 | D:2      | 1876 ||| Stepping ~*~*~tactically~*~*~ (reaching).
  1878 | D:2      | 1878 ||| Stepping ~*~*~tactically~*~*~ (reaching).
  1879 | D:2      | 1879 ||| Stepping ~*~*~tactically~*~*~ (reaching).
  1881 | D:2      | 1881 ||| Stepping ~*~*~tactically~*~*~ (reaching).
  1883 | D:2      | 1883 ||| Stepping ~*~*~tactically~*~*~ (reaching).
  1884 | D:2      | 1884 ||| Stepping ~*~*~tactically~*~*~ (reaching).
  1886 | D:2      | 1886 ||| Stepping ~*~*~tactically~*~*~ (reaching).
  1888 | D:2      | 1888 ||| Stepping ~*~*~tactically~*~*~ (reaching).
  1889 | D:2      | 1889 ||| Stepping ~*~*~tactically~*~*~ (reaching).
  1891 | D:2      | 1891 ||| Stepping ~*~*~tactically~*~*~ (reaching).
  1892 | D:2      | 1892 ||| Stepping ~*~*~tactically~*~*~ (reaching).
  1894 | D:2      | 1894 ||| Stepping ~*~*~tactically~*~*~ (reaching).
  1896 | D:2      | 1896 ||| Stepping ~*~*~tactically~*~*~ (reaching).
  1897 | D:2      | 1897 ||| Stepping ~*~*~tactically~*~*~ (reaching).
  1899 | D:2      | 1899 ||| Stepping ~*~*~tactically~*~*~ (reaching).
  1901 | D:2      | 1901 ||| Stepping ~*~*~tactically~*~*~ (reaching).
  1902 | D:2      | 1902 ||| Stepping ~*~*~tactically~*~*~ (reaching).
  1904 | D:2      | 1904 ||| Stepping ~*~*~tactically~*~*~ (reaching).
  1906 | D:2      | 1906 ||| Stepping ~*~*~tactically~*~*~ (reaching).
  1907 | D:2      | 1907 ||| Stepping ~*~*~tactically~*~*~ (reaching).
  1909 | D:2      | 1909 ||| Stepping ~*~*~tactically~*~*~ (reaching).
  1911 | D:2      | 1911 ||| Stepping ~*~*~tactically~*~*~ (reaching).
  1912 | D:2      | 1912 ||| Stepping ~*~*~tactically~*~*~ (reaching).
  1914 | D:2      | 1914 ||| Stepping ~*~*~tactically~*~*~ (reaching).
  1915 | D:2      | 1915 ||| Stepping ~*~*~tactically~*~*~ (reaching).
  1917 | D:2      | 1917 ||| Stepping ~*~*~tactically~*~*~ (reaching).
  1919 | D:2      | 1919 ||| Stepping ~*~*~tactically~*~*~ (reaching).
  1920 | D:2      | 1920 ||| Stepping ~*~*~tactically~*~*~ (reaching).
  1924 | D:2      | 1924 ||| Stepping ~*~*~tactically~*~*~ (reaching).
  1925 | D:2      | 1925 ||| Stepping ~*~*~tactically~*~*~ (reaching).
  1927 | D:2      | 1927 ||| Stepping ~*~*~tactically~*~*~ (reaching).
  1929 | D:2      | 1929 ||| Stepping ~*~*~tactically~*~*~ (reaching).
  1930 | D:2      | 1930 ||| Stepping ~*~*~tactically~*~*~ (reaching).
  1932 | D:2      | 1932 ||| Stepping ~*~*~tactically~*~*~ (reaching).
  1934 | D:2      | 1934 ||| Stepping ~*~*~tactically~*~*~ (reaching).
  1935 | D:2      | 1935 ||| Stepping ~*~*~tactically~*~*~ (reaching).
  1937 | D:2      | 1937 ||| Stepping ~*~*~tactically~*~*~ (reaching).
  1939 | D:2      | 1939 ||| Stepping ~*~*~tactically~*~*~ (reaching).
  1940 | D:2      | 1940 ||| Stepping ~*~*~tactically~*~*~ (reaching).
  1942 | D:2      | 1942 ||| Stepping ~*~*~tactically~*~*~ (reaching).
  1943 | D:2      | 1943 ||| Stepping ~*~*~tactically~*~*~ (reaching).
  1945 | D:2      | 1945 ||| Stepping ~*~*~tactically~*~*~ (reaching).
  1947 | D:2      | 1947 ||| Stepping ~*~*~tactically~*~*~ (reaching).
  1948 | D:2      | 1948 ||| Stepping ~*~*~tactically~*~*~ (reaching).
  1950 | D:2      | 1950 ||| Stepping ~*~*~tactically~*~*~ (reaching).
  2461 | D:2      | 2461 ||| READING scroll labelled MULIWNORAR.
  2462 | D:2      | 2462 ||| READING 2 scrolls labelled HEUFEU BAKHLIO.
  2463 | D:2      | 2463 ||| DRINKING 2 fizzy white potions.
  2464 | D:2      | 2464 ||| READING 2 scrolls of identify.
  2464 | D:2      | 2464 ||| IDENTIFYING glowing pink potion
  2465 | D:2      | 2465 ||| DROPPING potion of attraction.
  2466 | D:2      | 2466 ||| DROPPING scroll of blinking.
  2544 | D:3      | 2544 ||| Stepping ~*~*~tactically~*~*~ (reaching).
  2546 | D:3      | 2546 ||| Stepping ~*~*~tactically~*~*~ (reaching).
  2547 | D:3      | 2547 ||| Stepping ~*~*~tactically~*~*~ (reaching).
  2549 | D:3      | 2549 ||| Stepping ~*~*~tactically~*~*~ (reaching).
  2551 | D:3      | 2551 ||| Stepping ~*~*~tactically~*~*~ (reaching).
  2552 | D:3      | 2552 ||| Stepping ~*~*~tactically~*~*~ (reaching).
  2554 | D:3      | 2554 ||| Stepping ~*~*~tactically~*~*~ (reaching).
  2556 | D:3      | 2556 ||| Stepping ~*~*~tactically~*~*~ (reaching).
  2557 | D:3      | 2557 ||| Stepping ~*~*~tactically~*~*~ (reaching).
  2559 | D:3      | 2559 ||| Stepping ~*~*~tactically~*~*~ (reaching).
  2561 | D:3      | 2561 ||| Stepping ~*~*~tactically~*~*~ (reaching).
  2562 | D:3      | 2562 ||| Stepping ~*~*~tactically~*~*~ (reaching).
  2564 | D:3      | 2564 ||| Stepping ~*~*~tactically~*~*~ (reaching).
  2566 | D:3      | 2566 ||| Stepping ~*~*~tactically~*~*~ (reaching).
  2567 | D:3      | 2567 ||| Stepping ~*~*~tactically~*~*~ (reaching).
  2569 | D:3      | 2569 ||| Stepping ~*~*~tactically~*~*~ (reaching).
  2571 | D:3      | 2571 ||| Stepping ~*~*~tactically~*~*~ (reaching).
  2572 | D:3      | 2572 ||| Stepping ~*~*~tactically~*~*~ (reaching).
  2574 | D:3      | 2574 ||| Stepping ~*~*~tactically~*~*~ (reaching).
  2576 | D:3      | 2576 ||| Stepping ~*~*~tactically~*~*~ (reaching).
  2577 | D:3      | 2577 ||| Stepping ~*~*~tactically~*~*~ (reaching).
  2579 | D:3      | 2579 ||| Stepping ~*~*~tactically~*~*~ (reaching).
  2580 | D:3      | 2580 ||| Stepping ~*~*~tactically~*~*~ (reaching).
  2582 | D:3      | 2582 ||| Stepping ~*~*~tactically~*~*~ (reaching).
  2761 | D:3      | Reached XP level 4. HP: 28/36 MP: 5/5
  2843 | D:3      | Noticed Grinder
  2846 | D:3      | Paralysed by Grinder for 4 turns
  2854 | D:3      | Paralysed by Grinder for 5 turns
  2860 | D:3      | HP: 4/36 [Grinder (9)]
  2861 | D:3      | 2861 ||| READING 2 scrolls of teleportation.
  2863 | D:3      | Slain by Grinder

Levels and vault maps discovered:
D:1:      mrwooster_arrival_arrow, layout_loops_ring,
          hellmonk_ecumenical_altar_heavens_door
D:2:      layout_loops_corners, st_stairs_12
D:3:      layout_basic, uniq_grinder

Skill      XL: |  1  2  3 |
---------------+----------+-----
Axes           | 1 2 |  2.6
Fighting       | 1 2 |  2.0
Short Blades   | |  0.8
Dodging        | |  1.7
Stealth        | |  3.2
Spellcasting   | |  1.7
Hexes          | |  2.4

Action                   |  1- 3 |  4- 6 || total
-------------------------+-------+-------++-------
Melee: Falchion          |    47 |       ||    47
       Dagger            |     2 |       ||     2
       Spear             |   206 |    14 ||   220
       Punch             |     1 |       ||     1
  Use: Scroll            |     5 |     1 ||     6
       Potion            |     1 |       ||     1
 Stab: Sleeping          |       |     1 ||     1
Armor: Robe              |     2 |       ||     2
       Ring mail         |    46 |     6 ||    52
Dodge: Dodged            |    77 |     3 ||    80

Table legend:
 A = Non-vault XP
 B = Vault XP
 C = Vault XP percentage of total XP
 D = Non-vault monster count
 E = Vault monster count
 F = Vault count percentage of total count
                 A         B        C        D         E       F
            +---------+---------+-------+---------+---------+-------
      Total |      88 |       1 |   1.1 |      26 |       1 |   3.7
            +---------+---------+-------+---------+---------+-------
        D:1 |      19 |       0 |   0.0 |      10 |       0 |   0.0
        D:2 |      48 |       1 |   2.0 |      11 |       1 |   8.3
        D:3 |      21 |       0 |   0.0 |       5 |       0 |   0.0
            +---------+---------+-------+---------+---------+-------
